 Dungeon Sprint DCSS version 0.20-a0-1009-gc986637 (webtiles) character file.

1271 Roshambo the Carver (level 8, -13/64 HPs)
             Began as a Demonspawn Fighter on Apr 14, 2017.
             Was a Believer of Makhleb.
             Mangled by a guardian serpent (shapeshifter) (22 damage)
             ... in the Dungeon (Sprint IX: "|||||||||||||||||||||||||||||").
             The game lasted 00:01:16 (724 turns).

Roshambo the Carver (Demonspawn Fighter)             Turns: 724, Time: 00:01:17

Health: -13/64     AC:  8    Str: 17    XL:     8   Next: 28%
Magic:  8/8        EV:  9    Int: 10    God:    Makhleb [**....]
Gold:   0          SH: 10    Dex: 14    Spells: 7/7 levels left

rFire    . . .     SeeInvis .   u - +8 whip "Snakebite" {curare, rPois}
rCold    . . .     Gourm    .   c - +0 shield
rNeg     . . .     Faith    .   b - +0 scale mail
rPois    +         Spirit   .   (no helmet)
rElec    .         Reflect  .   (no cloak)
rCorr    .         Harm     .   (no gloves)
MR       .....     NoTele   +   (no boots)
Stlth    +.........             (no amulet)
Regen    0.2/turn               (no ring)
MPRegen  0.2/turn               (no ring)

@: very slightly contaminated, invisible
A: rugged brown scales 1, nightstalker 1, powered by pain 1
a: Minor Destruction, Renounce Religion


You were in the Dungeon.
You worshipped Makhleb.
Makhleb was pleased with you.
You were not hungry.

You visited 1 branch

Inventory:

Hand Weapons
 a - a +0 long sword
 t - a +2 scimitar of protection
 u - the +8 whip "Snakebite" (weapon) {curare, rPois}
   (You found it in the Dungeon)

   It poisons the flesh of those it strikes.
   It protects you from poison.
Armour
 b - a +0 scale mail (worn)
 c - a +0 shield (worn)
 q - a +2 ring mail
 r - a +0 cloak
 s - a +0 helmet
Jewellery
 o - a +3 ring of strength
 p - a +2 ring of protection
Wands
 n - a wand of lightning (7/15)
Scrolls
 k - 2 scrolls of blinking
 l - 3 scrolls of remove curse
 m - 2 scrolls of amnesia
Potions
 d - a potion of might
 e - 5 potions of curing
 g - a potion of heal wounds
 h - a potion of haste
 i - 4 potions of magic
Comestibles
 f - a bread ration


   Skills:
 + Level 5.6 Fighting
 + Level 11.6 Long Blades
 * Level 6.7 Maces & Flails
 + Level 7.2 Armour
 + Level 3.0 Dodging
 + Level 6.1 Shields


You had 7 spell levels left.
You didn't know any spells.

Dungeon Overview and Level Annotations

Branches:
Dungeon (1/1)

Altars:
Cheibriados
Dithmenos
Elyvilon
Fedhas
Gozag
Hepliaklqana
Kikubaaqudgha
Makhleb
Nemelex Xobeh
Okawaru
Qazlal
Ru
Sif Muna
Trog
Uskayaw
Vehumet
Wu Jian
Xom
Yredelemnul
Zin
The Shining One
Beogh
Jiyva
Lugonu


Innate Abilities, Weirdness & Mutations

You are partially covered in rugged brown scales. (AC +1, +3% HP)
You are slightly more attuned to the shadows.
You sometimes gain a little power by taking damage.


Message History

You catch the helpless yak completely off-guard!
You hit the yak.
The yak looks as sick as possible!
The yak is moderately wounded.
The yak gores you.
All of the chunks of flesh in your inventory have rotted away.
You hit the yak.
The yak looks as sick as possible!
The yak is heavily wounded.
The yak changes into a guardian serpent!
You hit the guardian serpent.
The guardian serpent is lightly wounded.
You block the guardian serpent's attack.
You hit the guardian serpent.
The guardian serpent is lightly wounded.
The worker ant twitches its antennae in your direction.
The guardian serpent hits you!
* * * LOW HITPOINT WARNING * * *
You whack the guardian serpent!
The guardian serpent is moderately wounded.
The guardian serpent barely misses you. The guardian serpent hits you!!
You die...

▓.▓
▓.▓
▓5▓
▓a▓
▓H▓
▓S▓
▓@▓
▓.▓
▓.▓
▓.▓
▓)▓
▓)▓
▓'▓
▓(▓
▓.▓


You could see a guardian serpent shaped shifter, a hippogriff, a worker ant
(wandering) and a crimson imp.

Vanquished Creatures
  A hydra (D)
  A hippogriff (D)
  An ice beast (D)
  2 centaurs (D)
  A crocodile (D)
  A howler monkey (D)
  A crimson imp (D)
  A gnoll (D)
  An adder zombie (D)
  An adder skeleton (D)
  A leopard gecko (D)
  An orc (D)
  A bat (D)
  A bat skeleton (D)
  A jackal (D)
  A kobold (D)
  A rat (D)
18 creatures vanquished.

Notes
Turn   | Place    | Note
-------+----------+-------------------------------------------
     0 | D        | Roshambo the Demonspawn Fighter began the quest for the Orb.
     0 | D        | Reached XP level 1. HP: 18/18 MP: 1/1
     4 | D        | Reached skill level 2 in Long Blades
     6 | D        | Reached skill level 3 in Long Blades
    99 | D        | Noticed a centaur
    99 | D        | Noticed a howler monkey
   103 | D        | Reached skill level 4 in Long Blades
   103 | D        | Gained mutation: You are partially covered in rugged brown scales. (AC +1, +3% HP) [demonic ancestry]
   103 | D        | Reached XP level 2. HP: 18/24 MP: 2/2
   117 | D        | Killed a howler monkey
   117 | D        | Reached skill level 6 in Long Blades
   117 | D        | Reached XP level 3. HP: 17/29 MP: 3/3
   121 | D        | Killed a centaur
   121 | D        | Reached skill level 9 in Long Blades
   121 | D        | Reached XP level 4. HP: 22/36 MP: 4/4
   386 | D        | Found a roughly hewn altar of Beogh.
   386 | D        | Found a snail-covered altar of Cheibriados.
   386 | D        | Found a shadowy altar of Dithmenos.
   386 | D        | Found a white marble altar of Elyvilon.
   386 | D        | Found a blossoming altar of Fedhas.
   386 | D        | Found an opulent altar of Gozag.
   387 | D        | Found a hazy altar of Hepliaklqana.
   388 | D        | Found a viscous altar of Jiyva.
   389 | D        | Found an ancient bone altar of Kikubaaqudgha.
   390 | D        | Found a corrupted altar of Lugonu.
   391 | D        | Found a burning altar of Makhleb.
   392 | D        | Found a sparkling altar of Nemelex Xobeh.
   393 | D        | Found an iron altar of Okawaru.
   394 | D        | Found a stormy altar of Qazlal.
   395 | D        | Found a sacrificial altar of Ru.
   396 | D        | Found a deep blue altar of Sif Muna.
   397 | D        | Found a bloodstained altar of Trog.
   398 | D        | Found a hide-covered altar of Uskayaw.
   399 | D        | Became a worshipper of Makhleb the Destroyer
   400 | D        | Found a radiant altar of Vehumet.
   401 | D        | Found an ornate altar of the Wu Jian Council.
   402 | D        | Found a shimmering altar of Xom.
   403 | D        | Found a basalt altar of Yredelemnul.
   404 | D        | Found a glowing silver altar of Zin.
   405 | D        | Found a glowing golden altar of the Shining One.
   444 | D        | Noticed a hippogriff
   444 | D        | Noticed a centaur
   444 | D        | Noticed a crocodile
   444 | D        | Noticed an ice beast
   452 | D        | Killed an ice beast
   452 | D        | Reached XP level 5. HP: 34/43 MP: 5/5
   460 | D        | Killed a crocodile
   460 | D        | Reached skill level 1 in Dodging
   460 | D        | Gained mutation: You sometimes gain a little power by taking damage. [demonic ancestry]
   460 | D        | Reached XP level 6. HP: 27/49 MP: 6/6
   462 | D        | Reached * piety under Makhleb
   462 | D        | Reached skill level 10 in Long Blades
   468 | D        | Killed a hippogriff
   468 | D        | Reached skill level 5 in Fighting
   468 | D        | Reached skill level 5 in Armour
   468 | D        | Reached skill level 5 in Shields
   468 | D        | Gained mutation: You are slightly more attuned to the shadows. [demonic ancestry]
   468 | D        | Reached XP level 7. HP: 15/57 MP: 7/7
   473 | D        | Reached ** piety under Makhleb
   698 | D        | Noticed a hippogriff
   698 | D        | Noticed a yak
   698 | D        | Noticed a four-headed hydra
   712 | D        | Killed a four-headed hydra
   712 | D        | Reached skill level 11 in Long Blades
   712 | D        | Reached XP level 8. HP: 28/64 MP: 8/8
   721 | D        | Noticed a guardian serpent
   721 | D        | a yak changed into a guardian serpent
   724 | D        | Mangled by a guardian serpent (shapeshifter)

Vault maps used:
D:        linesprint

Skill      XL: |  1  2  3  4  5  6  7  8 |
---------------+-------------------------+-----
Long Blades    | 4 6 9 10 11 | 11.6
Maces & Flails | 2 4 6 |  6.7
Armour         | 3 4 5 7 |  7.2
Shields        | 3 4 5 6 |  6.1
Fighting       | 4 5 |  5.6
Dodging        | 1 2 3 |  3.0

Action                   |  1- 3 |  4- 6 |  7- 9 || total
-------------------------+-------+-------+-------++-------
Melee: Long sword        |    36 |       |       ||    36
       Whip              |       |    23 |    27 ||    50
  Use: Potion            |     1 |       |     3 ||     4
 Stab: Invisible         |       |       |     1 ||     1
Armor: Scale mail        |    14 |     4 |     9 ||    27
Dodge: Dodged            |    11 |     9 |    12 ||    32
Block: Shield            |    16 |    11 |    18 ||    45
       Rpst.: Long sword |     5 |       |       ||     5
